Map: Frozen Temple

Players

capac - Winner!

  • Race: Terran Terran
  • League: Gold

bibo

  • Race: Zerg Zerg
  • League: Gold

VOD

Have the link to the VOD?

Description

Time

  • Played on: April 16, 2016, 3:34 p.m.
  • Length: 21:15
Show
View Real Time Build Order
Export as new Build Order

capac Terran - Winner!

Build Orders: Reaper Expand, MMM Bio 

Get SALT Encoding   

  12  0:01  SCV  
  13  0:13  SCV  
  14  0:18  Supply Depot  
  14  0:25  SCV  
  15  0:40  SCV  
  15  0:41  Barracks  
  16  0:45  Refinery  
  16  0:52  SCV  
  17  1:04  SCV  
  18  1:16  SCV  
  19  1:29  Reaper  
  19  1:30  Orbital Command  
  20  1:41  Command Center  
  20  1:51  Supply Depot  
  20  1:56  SCV  
  21  2:01  Marine  
  22  2:19  Barracks  
  22  2:21  Barracks Reactor  
  22  2:26  Refinery  
  22  2:27  Factory  
  22  2:30  SCV  
  23  2:42  SCV  
  24  2:59  Marine x2  
  24  3:00  Orbital Command  
  24  3:02  SCV  
  27  3:12  Factory Tech Lab  
  27  3:14  SCV  
  27  3:15  Starport  
  27  3:18  Marine  
  27  3:19  Barracks Tech Lab, Marine  
  30  3:26  SCV  
  31  3:36  Siege Tank  
  31  3:38  SCV  
  31  3:39  Marine x3  
  38  3:44  SCV  
  39  3:50  Refinery, SCV  
  39  3:54  Supply Depot  
  40  3:56  Medivac  
  42  4:03  SCV  
  42  4:04  Marine, SCV  
  42  4:05  Marine  
  46  4:10  Stimpack  
  46  4:15  Marine  
  47  4:17  Supply Depot  
  47  4:29  Starport Reactor  
  47  4:30  Marine x2  
  49  4:36  Marine  
  50  4:39  Siege Tank  
  50  4:42  SCV x2  
  55  4:49  Marine x2  
  55  4:51  Bunker  
  57  4:55  SCV x2  
  57  4:58  Marine  
  60  5:00  Supply Depot  
  60  5:09  Command Center  
  60  5:14  Marine x2  
  62  5:24  Marine  
  62  5:26  Siege Tank  
  62  5:27  Medivac x2  
  70  5:30  Supply Depot  
  70  5:31  Marine  
  71  5:36  SCV x2  
  73  5:45  Marine  
  73  5:46  Marine  
  73  5:48  SCV x2  
  77  6:01  Marine  
  77  6:03  Supply Depot  
  78  6:08  Barracks  
  78  6:09  Barracks  
  78  6:11  Barracks  
  78  6:27  Viking x2  
  78  6:31  Engineering Bay  
  82  6:34  Supply Depot  
  82  6:35  SCV  
  82  6:36  SCV  
  82  6:39  Marine x2  
  86  6:40  Refinery  
  86  6:48  SCV  
  86  6:50  SCV  
  88  6:57  Medivac x2  
  88  7:00  SCV  
  93  7:05  SCV  
  93  7:06  Marine x2  
  93  7:07  Barracks Tech Lab  
  96  7:08  Barracks Reactor  
  96  7:09  Barracks Reactor, Combat Shields  
  96  7:12  SCV  
  88  7:35  Marine x3  
  88  7:36  Marine  
  90  7:53  Marine x7  
  90  7:54  Marine  
  98  7:58  Medivac x2  
  98  8:03  Terran Infantry Weapons Level 1, Supply Depot  
  102  8:07  Starport  
  102  8:11  Marine x3  
  102  8:12  Marauder  
  101  8:16  Orbital Command  
  99  8:25  Marine x4  
  99  8:26  Missile Turret  
  101  8:51  Bunker  
  101  8:55  Marine x4  
  103  8:56  Marauder x2, Marine  
  103  8:58  Siege Tank  
  103  8:59  Medivac x2  
  103  9:00  Starport Reactor  
  117  9:02  Armory  
  117  9:06  Marine  
  117  9:07  Engineering Bay  
  118  9:12  Supply Depot  
  119  9:17  SCV x2  
  119  9:18  Marauder  
  119  9:20  SCV  
  123  9:27  Marine x2  
  125  9:32  Supply Depot  
  125  9:33  Marine x3, SCV x3  
  125  9:36  Liberator  
  131  9:38  Terran Infantry Armor Level 1  
  131  9:39  Missile Turret  
  131  9:48  Marine x2  
  133  9:53  Marine x2  
  133  9:54  Supply Depot, Marauder  
  133  9:55  Supply Depot  
  140  10:04  Missile Turret  
  140  10:15  Viking x2  
  140  10:16  Marauder  
  140  10:19  Marine  
  140  10:20  Marine x5  
  152  10:25  Terran Infantry Weapons Level 2  
  152  10:26  Liberator  
  152  10:29  Terran Ship Weapons Level 1  
  152  10:37  Barracks  
  152  10:42  Supply Depot  
  152  10:46  Barracks  
  152  10:47  Liberator  
  155  10:55  Supply Depot  
  158  11:11  Medivac x2  
  158  11:13  Supply Depot  
  162  11:18  Supply Depot  
  147  12:02  Marine x3  
  147  12:03  Marine x3  
  147  12:05  Reaper x2  
  144  12:34  Marine x5  
  144  12:35  Marine x3  
  144  12:36  Marine  
  144  12:37  Marine  
  148  12:52  Marine x3  
  148  13:12  Barracks Tech Lab, Barracks Reactor  
  148  13:22  Starport  
  148  13:23  Starport  
  135  13:48  Refinery, Liberator x3  
  135  13:49  Refinery  
  135  14:02  Starport Tech Lab  
  135  14:03  Starport Tech Lab  
  135  14:07  Marine x3  
  135  14:08  Marine x4  
  135  14:09  Marine  
  153  14:11  Marauder, Command Center  
  153  14:12  Marauder x2, Command Center  
  158  14:19  Missile Turret  
  158  14:25  Supply Depot  
  158  14:44  Marine x6  
  168  14:45  Marauder  
  168  14:46  Marauder x2  
  168  14:51  Raven x2  
  174  14:53  Siege Tank  
  176  15:26  Siege Tank  
  179  15:32  Marine x2  
  179  15:33  Marine x5  
  179  15:35  Marauder x2  
  139  16:41  Marine x5  
  139  16:42  Marauder, Marine x2  
  139  16:43  Marauder x2  
  126  16:56  Marine  
  126  16:59  Marine x4  
  131  17:04  Marauder  
  130  17:25  Marine x2  
  130  17:26  Marine x5  
  130  17:27  Marauder x3  
  143  17:46  Marine x3  
  143  17:47  Marine x2  
  143  17:48  Marauder  
  143  17:49  Terran Infantry Weapons Level 3, Marauder x2, Terran Infantry Armor Level 2  
  143  17:50  Terran Ship Weapons Level 2, Liberator x3  
  154  17:57  Planetary Fortress  
  154  17:59  Concussive Shells  
  162  18:40  Liberator x4  
  162  18:46  Missile Turret  
  174  19:03  Orbital Command  
  174  19:38  Marine  
  159  20:31  Marine  
  159  20:32  Marine x5  
  159  20:33  Marauder x3, Marine  
  179  20:53  Marine  
  179  20:54  Marine x6  
  179  20:55  Marine x3  
Show
View Real Time Build Order
Export as new Build Order

bibo Zerg 

Build Orders: Hatch First, Lurkers 

Get SALT Encoding   

  12  0:01  Drone  
  13  0:12  Drone  
  14  0:17  Overlord  
  14  0:36  Drone  
  14  0:37  Drone x2  
  17  0:48  Drone  
  18  0:59  Hatchery  
  17  1:08  Drone  
  18  1:15  Spawning Pool  
  18  1:17  Extractor  
  16  1:19  Drone  
  17  1:27  Drone  
  18  1:36  Overlord  
  18  1:45  Drone  
  19  1:56  Drone  
  20  2:04  Drone  
  21  2:13  Zergling x2  
  21  2:14  Queen x2  
  25  2:16  Zergling x2  
  26  2:25  Drone x2  
  28  2:36  Drone x2  
  31  2:51  Drone x2  
  32  2:59  Lair  
  32  3:13  Drone x2  
  32  3:14  Overlord  
  32  3:17  Overlord  
  32  3:18  Hatchery  
  33  3:23  Roach Warren  
  32  3:41  Extractor  
  31  3:42  Queen  
  31  3:44  Drone  
  31  3:45  Drone x6  
  40  4:05  Metabolic Boost  
  40  4:18  Extractor  
  40  4:19  Extractor  
  37  4:40  Zergling x4  
  37  4:42  Drone x7  
  37  4:43  Drone x4  
  50  5:03  Roach x3  
  50  5:04  Overlord x3  
  56  5:10  Hydralisk Den  
  56  5:14  Spore Crawler  
  54  5:15  Glial Reconstitution  
  53  5:23  Roach  
  53  5:24  Roach x7  
  53  5:25  Roach  
  71  5:40  Lurker Den  
  71  6:04  Drone x11  
  72  6:06  Overlord x2  
  82  6:12  Evolution Chamber  
  82  6:14  Evolution Chamber  
  80  6:23  Ravager x2  
  80  6:25  Overlord  
  82  6:33  Extractor  
  82  6:35  Extractor  
  80  6:41  Hydralisk x5  
  90  6:47  Roach  
  90  6:48  Roach x2  
  90  6:50  Hatchery  
  95  6:56  Spine Crawler  
  95  6:59  Spine Crawler  
  77  8:26  Drone  
  80  8:27  Drone x18  
  80  8:32  Queen  
  98  8:34  Queen  
  98  9:02  Infestation Pit  
  97  9:10  Drone x6  
  97  9:11  Overlord x3, Drone x5  
  97  9:12  Overlord x2  
  108  9:34  Hydralisk, Muscular Augments  
  108  9:35  Hydralisk x8  
  126  9:49  Zerg Missile Weapons Level 1, Zerg Ground Armor Level 1  
  126  10:00  Spine Crawler  
  126  10:01  Spine Crawler  
  126  10:03  Spine Crawler  
  123  10:11  Extractor, Hydralisk  
  123  10:12  Extractor, Hydralisk x9  
  141  10:16  Lurker x2  
  141  10:18  Overlord x2  
  143  10:29  Overlord  
  143  10:41  Infestor x2  
  147  10:44  Lurker x4  
  147  10:45  Lurker  
  147  10:47  Lurker x4  
  156  11:00  Hive  
  156  11:01  Spire  
  156  11:02  Burrow  
  155  11:16  Hatchery  
  154  11:25  Overlord  
  154  11:26  Overlord x2  
  154  11:27  Overlord  
  154  11:36  Infestor x2  
  154  11:37  Overlord x2  
  154  11:38  Overlord  
  100  13:07  Corruptor x15  
  100  13:08  Corruptor x2  
  134  13:36  Hatchery  
  115  13:51  Greater Spire  
  115  14:08  Spine Crawler  
  115  14:09  Spine Crawler  
  113  14:10  Spine Crawler  
  113  14:11  Spine Crawler x3  
  109  14:23  Hatchery  
  108  14:24  Infestor  
  108  14:25  Infestor x4  
  108  14:26  Infestor x2  
  108  14:28  Zerg Missile Weapons Level 2  
  108  14:29  Zerg Ground Armor Level 2  
  122  14:45  Hydralisk x3  
  122  14:46  Hydralisk x2  
  132  15:13  Brood Lord x4  
  132  15:14  Brood Lord  
  142  15:26  Zergling x2  
  142  15:27  Hydralisk x4  
  142  15:28  Hydralisk x3  
  157  15:59  Overseer  
  157  16:07  Zerg Flyer Weapons Level 1  
  123  16:44  Zerg Melee Weapons Level 1  
  93  17:00  Corruptor x12  
  113  17:18  Hydralisk x3  
  119  17:30  Extractor  
  119  17:31  Extractor  
  117  17:41  Extractor  
  116  17:59  Hatchery  
  116  18:04  Drone x16  
  131  18:11  Queen  
  133  18:35  Zerg Missile Weapons Level 3  
  133  18:39  Brood Lord  
  135  18:48  Neural Parasite  
  135  18:53  Hatchery  
  134  19:10  Overseer  
  134  19:13  Extractor  
  134  19:14  Corruptor x2  
  134  19:15  Corruptor  
  139  19:20  Zergling x2  
  139  19:21  Zergling x34  
  157  19:35  Drone x2  
Tags
 
Add a new tag
Caveats
  • Supply blocks, unpowered buildings, or Contaminate may cause inaccurate times.
  • Supply counts are checked every 10 seconds.